[Event "Early-Titled-Tuesday-Blitz-January-30-2024"]
[Site "Chess.com"]
[Date "2024.01.30"]
[Round "4"]
[White "Balla_Tamas"]
[Black "Yushko_Olga"]
[Result "1/2-1/2"]
[WhiteElo "2424"]
[BlackElo "2160"]
[TimeControl "180+1"]
[EndTime "8:42:53 PST"]
[Termination "Game drawn by repetition"]

1. e4 g6 2. d4 Bg7 3. Nc3 d6 4. f4 Nf6 5. Nf3 O-O 6. Bd3 c5 7. dxc5 dxc5 8. O-O Nc6 9. Be3 Nd4 10. Qe1 Bg4 11. e5 Nd5 12. Nxd5 Qxd5 13. Nxd4 cxd4 14. Bf2 Bh6 15. h3 Bf5 16. Bxf5 gxf5 17. Bh4 f6 18. exf6 exf6 19. Qb4 Qe4 20. Rae1 Qxc2 21. Qxd4 Rad8 22.
Qxa7 Rd2 23. Qxb7 Qc5+ 24. Kh1 Qd4 25. Rf3 Bxf4 26. Ref1 Bh6 27. Rxf5 Qxh4 28. Qb3+ Kg7 29. Qc3 Qd4 30. Qg3+ Kh8 31. Rh5 Rd1 32. Qf3 Rxf1+ 33. Qxf1 Bg5 34. Rxg5 Qxb2 35. Ra5 Rg8 36. Rf5 Rg6 37.
a4 Qb6 38. a5 Qc6 39. a6 Qb6 40. Qf2 Qxa6 41. Rf4 Kg7 42. Kh2 Qd6 43. Kg1 Qd1+ 44. Kh2 Qd6 45. Qe3 Qe5 46. Qxe5 fxe5 47. Re4 Kf6 48. Kg1 Kf5 49. Re2 e4 50. Kf2 Kf4 51. Ra2 e3+ 52. Kf1 Re6 53. Ra4+ Kf5 54. Ke2 h5 55. Rh4 Kg5 56. Ra4 Kf5 57. g3 Kg5 58.
Ra3 h4 59. gxh4+ Kxh4 60. Ra5 Kxh3 61. Kf3 Kh4 62. Ra4+ Kg5 63. Ra1 Kf5 64. Re1 Re5 65. Re2 Ke6 66. Ra2 Kd5 67. Ra5+ Kd4 68. Ra4+ Kd3 69.
Ra3+ Kd2 70. Ra2+ Kd3 71. Ra3+ Kd2 72. Ra2+ Kd3 73. Ra3+ 1/2-1/2

[Event "Early-Titled-Tuesday-Blitz-January-30-2024"]
[Site "Chess.com"]
[Date "2024.01.30"]
[Round "4"]
[White "Anton_Demchenko"]
[Black "AlexPapasimakopoulos"]
[Result "1-0"]
[WhiteElo "2953"]
[BlackElo "2768"]
[TimeControl "180+1"]
[EndTime "8:42:54 PST"]
[Termination "Anton_Demchenko won on time"]

1. e4 e6 2. d4 d5 3. Nc3 Bb4 4.
e5 c5 5. Bd2 Ne7 6. a3 Bxc3 7.
Bxc3 Nbc6 8. Nf3 cxd4 9. Nxd4 Bd7 10. Nf3 Ng6 11. Qd2 Qc7 12. Qe3 O-O 13. Bd3 b5 14. O-O a5 15. Rfe1 b4 16. Bd2 bxa3 17. bxa3 Rfb8 18.
h4 Qb6 19. Qg5 h6 20. Qg3 Kf8 21. Be3 d4 22. Bd2 Nge7 23. Nh2 Nf5 24. Qh3 Qc5 25. g4 Nfe7 26. Qg3 Rb2 27. Nf3 Rab8 28. h5 Rxc2 29. Bxc2 Qxc2 30. Rac1 Qd3 31. Qf4 Rb3 32. Kg2 Rxa3 33.
Qe4 Qxe4 34. Rxe4 Rd3 35. Be1 Nd5 36. Rc4 Nb6 37. Rc2 a4 38. Rd2 Rxd2 39. Bxd2 Nc4 40. Bc1 a3 41. Re2 Nb4 42. Nxd4 a2 43. Nb3 Bc6+ 44.
Kg3 Ba4 45. Na1 Ke8 46. Bb2 Kd7 47. Bc3 Nd5 48. Bd4 Nb4 49. f4 Kc6 50. f5 Kd5 51. Bc3 Nd3 52. f6 gxf6 53. exf6 Nc1 54. Rf2 Bd1 55.
g5 Bxh5 56. gxh6 Bg6 57. Kf3 Bb1 58. Rh2 Bh7 59. Rg2 Be4+ 60. Kg3 Nd3 61. Rh2 Bh7 62. Kg4 Nde5+ 63. Kh3 Nd7 64. Rg2 e5 65. Rg7 Nxf6 66. Rxf7 Ke6 67. Ra7 Nd6 68. Rxa2 Nde4 69. Bb2 Kf5 70. Bc1 Ng5+ 71. Kg2 Kg6 72. Ra5 Ng4 73. Ra6+ Nf6 74. Nb3 Bg8 75. Nc5 Bd5+ 76. Kf1 Nf7 77. Kg1 e4 78. Nd7 1-0

[Event "Early-Titled-Tuesday-Blitz-January-30-2024"]
[Site "Chess.com"]
[Date "2024.01.30"]
[Round "4"]
[White "chess123456s"]
[Black "Abund"]
[Result "1-0"]
[WhiteElo "2575"]
[BlackElo "2746"]
[TimeControl "180+1"]
[EndTime "8:42:56 PST"]
[Termination "chess123456s won on time"]

1. e4 e5 2. Nf3 Nc6 3. Bb5 Nf6 4. d3 Bc5 5. Bxc6 dxc6 6. Nbd2 Be6 7. O-O Nd7 8. Nb3 Bb6 9. Ng5 Nf8 10. Nxe6 Nxe6 11. Be3 Qe7 12. Qe2 O-O-O 13. a4 Bxe3 14. Qxe3 Kb8 15. a5 h5 16. a6 b6 17. Nd2 h4 18.
Nc4 Nf4 19. Kh1 Rh6 20. Rad1 c5 21. b4 cxb4 22. d4 Qg5 23. Rg1 exd4 24. Rxd4 Rhh8 25. e5 Rxd4 26. Qxd4 Qf5 27. Rd1 Rc8 28. Ne3 Qg5 29. Qe4 c6 30. Rd7 Nd5 31. Rb7+ Ka8 32. Rxf7 Re8 33.
h3 Kb8 34. e6 Qh5 35. Nxd5 Qxd5 36. Qxd5 cxd5 37. Rxg7 Rxe6 38. Rb7+ Ka8 39. Rd7 Kb8 40.
Rxd5 Re2 41. Rd4 Rxf2 42. Rxb4 Rxc2 43. Rxh4 Ra2 44. Rh8+ Kc7 45. h4 Rxa6 46. h5 Ra4 47.
Kh2 b5 48. Kh3 b4 49. h6 Ra6 50. g4 b3 51. Rh7+ Kb8 52. Rh8+ Kb7 53. Rh7+ Kb6 54. Rh8 Ra1 55. Rb8+ Kc7 56. Rxb3 Rh1+ 57. Kg3 Rxh6 58. g5 Rc6 59. Kg4 a5 60. Kh5 Rc1 61. g6 Rh1+ 62. Kg5 Kc6 63. Ra3 Kb5 64. Kf6 Rf1+ 65.
Ke7 Rg1 66. Kf7 Rf1+ 67. Ke7 Rg1 68. Kf7 Kb4 69. Ra2 a4 70. g7 Kb3 71. Rf2 a3 72. Rf3+ Kb2 73. Rf2+ Kb3 74. Rf3+ Kb2 75.
Rf2+ 1-0

[Event "Early-Titled-Tuesday-Blitz-January-30-2024"]
[Site "Chess.com"]
[Date "2024.01.30"]
[Round "4"]
[White "picturesquecheck"]
[Black "jaskol95"]
[Result "1-0"]
[WhiteElo "2371"]
[BlackElo "2531"]
[TimeControl "180+1"]
[EndTime "8:42:59 PST"]
[Termination "picturesquecheck won by checkmate"]

1. e4 d5 2. exd5 Nf6 3. Nf3 Qxd5 4. Nc3 Qa5 5. d4 Bg4 6. Bc4 e6 7. h3 Bh5 8. O-O Nbd7 9. Bd2 c6 10. Nd5 Qd8 11. Nf4 Bg6 12. c3 Bd6 13. Re1 O-O 14.
Nxg6 hxg6 15. Bg5 Qa5 16. Qe2 Rfe8 17. Ne5 Bxe5 18. dxe5 Nd5 19. Bb3 Qc7 20. Rad1 b5 21.
Bc2 a5 22. h4 f6 23. exf6 gxf6 24. Bc1 Kg7 25. h5 Ne5 26. f4 Nf7 27. hxg6 Nh6 28. Qf3 Qd6 29. g3 Qc5+ 30. Kg2 Rad8 31. Rh1 Rh8 32.
Rde1 Qd6 33. b3 f5 34. c4 bxc4 35. bxc4 Nf6 36. Bb2 Ng4 37. Rxh8 Rxh8 38. Bxf6+ Kxf6 39. Qc3+ Kxg6 40. Rh1 Rxh1 41. Kxh1 Qc5 42. Qf3 Qf2 43. Qxg4+ Kf6 44. Qg5+ Kf7 45. Qh5+ Kf6 46. Qh4+ Kf7 47. Qh2 Qf1+ 48. Qg1 Qf3+ 49. Qg2 Qh5+ 50. Kg1 Qh8 51. Qe2 Qd4+ 52. Kg2 Kg6 53. Bd3 Kf6 54. Bc2 Kf7 55. Bb3 Qc3 56. c5 Qxc5 57. Qxe6+ Kg7 58. Qf7+ Kh6 59.
Qc4 Qe3 60. Qf1 Kg7 61. Qf2 Qe4+ 62. Qf3 Qd4 63. Kh3 Kh6 64. g4 fxg4+ 65. Qxg4 Qe3+ 66.
Qg3 Qd4 67. Bf7 Qf6 68. Qh4+ Qxh4+ 69. Kxh4 c5 70. Bc4 Kg7 71. Kg4 Kf6 72. f5 Ke5 73.
Kg5 Kd4 74. f6 Kxc4 75. f7 Kb4 76. f8=Q Kc4 77. Qa8 Kb4 78. Qb7+ Ka3 79. Qb5 a4 80. Qc4 Kb2 81. Qxa4 Kc3 82. Qb5 c4 83. a4 Kd4 84.
a5 c3 85. a6 c2 86. Qb2+ Kd3 87. a7 Kd2 88. a8=Q Ke1 89. Qe4+ Kf1 90. Qd3+ Kg1 91.
Qbxc2 Kh1 92. Qdd1# 1-0

[Event "Early-Titled-Tuesday-Blitz-January-30-2024"]
[Site "Chess.com"]
[Date "2024.01.30"]
[Round "4"]
[White "BilodeauA"]
[Black "dretch"]
[Result "1/2-1/2"]
[WhiteElo "3023"]
[BlackElo "2808"]
[TimeControl "180+1"]
[EndTime "8:43:18 PST"]
[Termination "Game drawn - insufficient material"]

1. e4 e6 2. d4 d5 3. Nd2 c5 4. exd5 Qxd5 5. dxc5 Nf6 6. Ngf3 Qxc5 7. Bd3 Nbd7 8. O-O Qc7 9. b3 Nc5 10. Bc4 Bd7 11. a4 Be7 12. Bb2 O-O 13. Ne5 Rfd8 14. Nxd7 Nfxd7 15. Qe2 Nb6 16. Rad1 Rac8 17. Qg4 g6 18.
Be2 Nd5 19. Nc4 Nf4 20. g3 Nxe2+ 21. Qxe2 Rxd1 22. Rxd1 Nxa4 23. Be5 Qc6 24. Ba1 Nc5 25. Re1 Rd8 26. Ne5 Qe4 27. Qxe4 Nxe4 28. Rxe4 Rd1+ 29. Kg2 Rxa1 30. Rc4 Bd6 31. Rc8+ Kg7 32. Nc4 Bb4 33. Rc7 b5 34. Ne5 a5 35. Rxf7+ Kg8 36. Rb7 Bc3 37.
Rxb5 Ra2 38. Nf3 Rxc2 39. Rc5 Rc1 40. Ng5 e5 41. Kf3 h6 42. Ne4 Bb2 43. Rxa5 Rb1 44. Ra8+ Kf7 45. Ra7+ Kf8 46. Rb7 Bd4 47. h4 Rb2 48. b4 Rb3+ 49. Kg4 Rb2 50. f3 Rb3 51. b5 h5+ 52. Kg5 Rxf3 53. Kxg6 Re3 54. Ng5 Rxg3 55.
b6 Ke8 56. Rh7 Bxb6 57. Kf5 Bd8 58. Ne4 Rf3+ 59. Ke6 Kf8 60. Rh8+ Kg7 61. Rxd8 Rf4 62. Rd7+ Kg6 63. Kxe5 Rxh4 64. Rd6+ Kg7 65. Kf5 Rg4 66.
Rd7+ Kh6 67. Rd6+ Kg7 68. Nf6 Rg1 69. Rd7+ Kf8 70. Ra7 Rf1+ 71. Kg6 Rg1+ 72. Kh6 h4 73. Ra3 Rg3 74. Ra8+ Kf7 75. Ne4 Rg2 76. Ng5+ Kf6 77. Ra6+ Kf5 78. Ra5+ Kg4 79. Ra4+ Kf5 80. Ra5+ Kg4 81.
Ra4+ Kg3 82. Ra3+ Kg4 83. Kg6 Rg1 84. Kh6 Rg2 85. Ra1 h3 86. Ra4+ Kg3 87. Ra3+ Kg4 88. Ra4+ Kg3 89. Ra3+ Kg4 90. Rxh3 Ra2 91. Rc3 Ra6+ 92.
Kg7 Kxg5 93. Rc5+ Kf4 94. Rc7 Ke5 95. Rf7 Rb6 96. Rf8 Rb7+ 97. Rf7 Rb6 98. Rf8 Rb7+ 99. Rf7 Rxf7+ 100. Kxf7 1/2-1/2

[Event "Early-Titled-Tuesday-Blitz-January-30-2024"]
[Site "Chess.com"]
[Date "2024.01.30"]
[Round "4"]
[White "ValentinDragnev"]
[Black "wonderfultime"]
[Result "0-1"]
[WhiteElo "2785"]
[BlackElo "3006"]
[TimeControl "180+1"]
[EndTime "8:43:20 PST"]
[Termination "wonderfultime won on time"]

1. e4 e5 2. Nf3 Nc6 3. Bb5 a6 4. Ba4 Bc5 5. O-O Nge7 6. c3 Ng6 7. d4 Ba7 8. Bg5 f6 9. Be3 O-O 10. Nbd2 d6 11. Re1 Kh8 12. b4 exd4 13. Nxd4 Nxd4 14. Bxd4 f5 15. Bxa7 Rxa7 16. exf5 Bxf5 17. Ne4 Ra8 18. Ng3 Bd7 19. Bc2 Nf4 20. Qd4 Qg5 21. Qe4 Qh6 22. Qe7 Bc6 23. Be4 d5 24. Bf3 d4 25. Bxc6 Qxc6 26.
Qe4 Qxc3 27. Rac1 Qxb4 28. Rxc7 Nd5 29. Rd7 Nf6 30. Qe7 Qxe7 31. Rdxe7 Rad8 32. Rd1 Nd5 33. Rxb7 Nc3 34. Rd2 Rfe8 35. f3 g6 36. Kf2 d3 37. Rc7 Nb5 38. Rc4 Rd5 39. Ne4 Red8 40. Nc3 Nxc3 41. Rxc3 Kg7 42. Ke3 Re5+ 43. Kf2 Red5 44.
Ke3 Re8+ 45. Kf2 Rb8 46. Ke3 Re5+ 47. Kxd3 Kh6 48. Kc2 Ra5 49. a3 Rab5 50. Kd3 Rd8+ 51. Kc2 Rdb8 52. Kd1 Rb1+ 53. Ke2 Re8+ 54. Kf2 a5 55.
Rc5 Ra8 56. Rdd5 Rb2+ 57. Kg3 Re8 58. Rxa5 Ree2 59. Rd4 Rxg2+ 60. Kf4 Rxh2 61. Ke4 Rbe2+ 62. Kd3 Ra2 63. Ra7 Rhd2+ 64. Kc4 Rac2+ 65. Kb3 Rb2+ 66. Kc3 Rbc2+ 67. Kb3 Rxd4 68. Kxc2 Rf4 69. a4 Rxf3 70.
a5 Rf5 71. a6 Ra5 72. Ra8 g5 73. Kd3 Kh5 74. Ke3 Kg4 75. Kf2 h5 76. Ke3 h4 77.
a7 h3 78. Kf2 Ra2+ 79. Ke3 Ra3+ 80. Kf2 Ra6 81. Kg1 Kg3 82. Kf1 h2 0-1

[Event "Early-Titled-Tuesday-Blitz-January-30-2024"]
[Site "Chess.com"]
[Date "2024.01.30"]
[Round "4"]
[White "Firouzja2003"]
[Black "lilleper1"]
[Result "1/2-1/2"]
[WhiteElo "3147"]
[BlackElo "2914"]
[TimeControl "180+1"]
[EndTime "8:43:50 PST"]
[Termination "Game drawn by repetition"]

1. d4 Nf6 2. Bg5 d5 3. e3 c5 4.
Bxf6 gxf6 5. dxc5 e6 6. Nf3 Bxc5 7. Be2 Nc6 8. O-O e5 9. Nc3 Be6 10. Qd2 Qd7 11. Rad1 O-O-O 12. e4 dxe4 13. Qh6 Qe7 14.
Nxe4 f5 15. Nxc5 Qxc5 16. c3 e4 17. Nd4 Nxd4 18. cxd4 Qb6 19. Qf6 Rhg8 20. d5 Bxd5 21. Qxf5+ Qe6 22. Qf4 Qd6 23. Bg4+ Kc7 24. Qxd6+ Rxd6 25. h3 Bxa2 26. Ra1 Be6 27. Bxe6 Rxe6 28. Rxa7 Reg6 29.
g3 e3 30. Ra3 exf2+ 31. Kg2 Rf6 32. Rc3+ Kd6 33. Rd1+ Ke5 34. Re3+ Kf5 35. Kxf2 Kg6+ 36. Kg2 Rc8 37. Rd2 Rc5 38. h4 h5 39. Rb3 b6 40.
Rbd3 Rfc6 41. Kh3 f6 42. Rd8 Rc8 43. Rxc8 Rxc8 44. Rd6 Rb8 45. b4 b5 46. Rd5 Kh6 47.
Kg2 Kg6 48. Kf3 Rc8 49. Rxb5 Rc3+ 50. Kg2 Rc2+ 51. Kh3 Rb2 52. Rb8 Kg7 53. b5 Kh7 54.
b6 Kg7 55. Rb7+ Kg6 56. Rb8 Kg7 57. b7 f5 58. Rc8 Rxb7 59. Kg2 Rb3 60. Rc6 Ra3 61.
Rd6 Rb3 62. Kf2 Ra3 63. Re6 Rb3 64. Re3 Rb4 65. Kf3 Ra4 66. Re6 Rb4 67. Rd6 Ra4 68. Ke3 Re4+ 69. Kf3 Ra4 70. Rd3 Rb4 71. Rc3 Ra4 72.
Rc7+ Kg6 73. Rc6+ Kg7 74. Re6 Rb4 75. Re3 Ra4 76. Rd3 Rb4 77. Ke3 Re4+ 78. Kd2 Ra4 79. Rf3 Kg6 80. Ke2 Ra2+ 81. Kf1 Kf6 82. Re3 Kg6 83.
Re2 Ra3 84. Kf2 Ra4 85. Kf3 Kg7 86. Re3 Kg6 87. Re8 Kg7 88. Rb8 Rc4 89. Rb7+ Kg6 90.
Rb8 Kg7 91. Rb6 Ra4 92. Rd6 Rb4 93. Ke3 Re4+ 94. Kf2 Ra4 95. Rd3 Kg6 96. Rf3 Ra2+ 97. Ke3 Ra3+ 98. Kf4 Ra4+ 99. Ke5 Re4+ 100. Kd5 Kf6 101. Ra3 Rg4 102. Ra6+ Kg7 103. Ke5 Rxg3 104. Kxf5 Rg4 105. Ra7+ Kg8 106. Kf6 Rxh4 107. Kg6 Rg4+ 108. Kxh5 Rg1 109. Ra8+ Kg7 110. Ra7+ Kf6 111. Ra6+ Kg7 112. Ra5 Rh1+ 113. Kg4 Rg1+ 114. Kh5 Rh1+ 115. Kg4 Rg1+ 116. Kh5 1/2-1/2

[Event "Early-Titled-Tuesday-Blitz-January-30-2024"]
[Site "Chess.com"]
[Date "2024.01.30"]
[Round "4"]
[White "Seochesspie"]
[Black "Vsevolod_Ovchinnikov"]
[Result "0-1"]
[WhiteElo "2863"]
[BlackElo "2630"]
[TimeControl "180+1"]
[EndTime "8:44:19 PST"]
[Termination "Vsevolod_Ovchinnikov won on time"]

1. c4 Nf6 2. Nc3 d5 3. cxd5 Nxd5 4. Nf3 g6 5. e4 Nb6 6. d4 Bg7 7. h3 Nc6 8. Be3 O-O 9. Bb5 f5 10. exf5 Bxf5 11. O-O Kh8 12. Bxc6 bxc6 13. Ne5 c5 14.
Re1 Nd5 15. Nc6 Nxc3 16. bxc3 Qd6 17. d5 Bd7 18. Rc1 Bxc6 19. dxc6 Qxc6 20. c4 Rad8 21. Qg4 Rf7 22. Qg5 Bd4 23. Bxd4+ cxd4 24. Rxe7 Rxe7 25. Qxe7 Qd6 26. Qxd6 Rxd6 27. c5 Rd5 28. Kf1 Kg7 29. Ke2 d3+ 30. Kd2 Kf6 31. Rc3 Ke5 32. Rxd3 Rxc5 33. Ra3 a5 34. Ke3 g5 35. g3 Rd5 36. Rc3 Kd6 37. Rc4 Re5+ 38. Kf3 Rf5+ 39. Ke3 Re5+ 40. Kd3 Rd5+ 41. Kc3 Rf5 42. f4 gxf4 43.
gxf4 c5 44. Ra4 Kd5 45. Kd3 Rh5 46. Rxa5 Rxh3+ 47. Ke2 Kd4 48. f5 Rh5 49. f6 Re5+ 50. Kd2 Rf5 51. Ra7 Rf2+ 52. Kd1 Rxf6 53. Rxh7 Kc3 54. a4 Rf1+ 55. Ke2 Ra1 56. Ra7 c4 57. a5 Kc2 58. a6 c3 59. Ra8 Kc1 60. a7 c2 61. Ke3 Ra3+ 62. Ke2 Ra2 63. Ke3 Kd1 64. Rd8+ Ke1 65. Rc8 Ra3+ 66. Kd4 Kd2 67. a8=Q Rxa8 68. Rxa8 c1=Q 69. Rd8 Ke2 70. Re8+ Kf3 71. Re5 Qd2+ 72. Kc4 Kf4 73. Rd5 Qc2+ 74. Kd4 Qb3 75. Rc5 Qe3+ 76. Kc4 Ke4 77. Rc6 Qd4+ 78. Kb5 Kd5 79. Rb6 Qc4+ 80. Ka5 Qa2+ 81. Kb5 Qc2 82. Ka6 Qc4+ 83. Kb7 Qf4 84. Ka6 Qf8 85. Ka7 Kc5 86. Rb8 Qe7+ 87. Rb7 Qd8 88.
Rb8 Qc7+ 89. Rb7 Qa5+ 90. Kb8 Kc6 91. Rf7 Qd8+ 92. Ka7 Qd4+ 93. Ka8 Qd5 94. Rb7 Qa5+ 95. Kb8 Qa6 96. Rc7+ Kd6 97. Rd7+ Kc5 98. Rc7+ Kd5 99. Rd7+ Ke6 100. Rc7 Qa5 101. Rb7 Kd6 102. Rg7 Qd8+ 103. Kb7 Qe8 104. Rc7 Qb5+ 105. Kc8 Qe5 106. Rd7+ Kc6 107. Kd8 Qh8+ 108. Ke7 Qg7+ 0-1

[Event "Early-Titled-Tuesday-Blitz-January-30-2024"]
[Site "Chess.com"]
[Date "2024.01.30"]
[Round "4"]
[White "artooon"]
[Black "Legendinunknown"]
[Result "1/2-1/2"]
[WhiteElo "2999"]
[BlackElo "2840"]
[TimeControl "180+1"]
[EndTime "8:44:25 PST"]
[Termination "Game drawn - insufficient material"]

1. e4 e5 2. Nf3 Nc6 3. Bc4 d6 4. d4 Nf6 5. Ng5 d5 6. exd5 Nxd4 7. d6 Qxd6 8. Bxf7+ Ke7 9. c3 Nf5 10. Bb3 Qxd1+ 11.
Kxd1 Nd6 12. Re1 e4 13. Bf4 Bf5 14. Nd2 h6 15. Bxd6+ cxd6 16. Ngxe4 Nxe4 17. Nxe4 Kd7 18. Bd5 Be7 19. Kc2 Rab8 20. a4 b6 21. f3 g5 22.
Rad1 Rhf8 23. b4 h5 24. Kb3 g4 25. Ng3 Bg6 26. fxg4 hxg4 27. Be6+ Kc7 28. Bxg4 Bh4 29.
Re2 Bf7+ 30. Kb2 Bc4 31. Red2 Bxg3 32. hxg3 Rbd8 33. Bf3 Rg8 34. Rd4 Be6 35. Re1 Bd7 36. g4 Bxa4 37. Ra1 b5 38. Re1 Rg7 39. Rde4 Kb6 40.
Re7 Rxe7 41. Rxe7 a5 42. g5 axb4 43. cxb4 Rg8 44. Rb7+ Ka6 45. Rd7 Rxg5 46. Rxd6+ Ka7 47. g4 Rg7 48. Rf6 Kb8 49. Rf5 Kc7 50. g5 Kd6 51. Be4 Re7 52. Bf3 Rg7 53. Rd5+ Ke6 54. Be4 Rf7 55.
Rd2 Rf4 56. Re2 Kd6 57. g6 Rg4 58. Bf5 Rg5 59. Rf2 Ke5 60. Bd3 Kd4 61. Bb1 Rg1 62. Rf4+ Ke5 63. Re4+ Kd5 64. Re2 Rg3 65. Rd2+ Kc4 66.
Ba2+ Kxb4 67. Bf7 Kc5 68. Rd8 b4 69. Rg8 Rg2+ 70. Kb1 b3 71. g7 Rg1+ 72. Kb2 Rg2+ 73. Kb1 Rg1+ 74. Kb2 Rg2+ 75. Kc3 Rg3+ 76. Kd2 b2 77. Rb8 Rxg7 78. Ba2 Rg2+ 79. Kc3 Rc2+ 80. Kd3 b1=Q 81. Bxb1 Rh2 82. Kc3 Rh3+ 83. Bd3 Bc6 84. Kd2 Rg3 85. Be2 Kd6 86. Rh8 Kc7 87. Rh6 Rg7 88.
Bd3 Re7 89. Kc3 Rd7 90. Bc4 Rd6 91. Rh8 Kb6 92. Kb4 Bb7 93. Rh4 Rf6 94. Rh5 Rd6 95. Rb5+ Kc7 96. Rg5 Kb6 97. Rb5+ Kc7 98. Kc5 Rc6+ 99.
Kd4 Rxc4+ 100. Kxc4 Ba6 101. Kc5 Bxb5 1/2-1/2

[Event "Early-Titled-Tuesday-Blitz-January-30-2024"]
[Site "Chess.com"]
[Date "2024.01.30"]
[Round "5"]
[White "whiteglovethief"]
[Black "publicaccountcze"]
[Result "1-0"]
[WhiteElo "2499"]
[BlackElo "2297"]
[TimeControl "180+1"]
[EndTime "8:51:29 PST"]
[Termination "whiteglovethief won by resignation"]

1. d4 Nf6 2. c4 g6 3. Nc3 d5 4. cxd5 Nxd5 5. e4 Nxc3 6. bxc3 Bg7 7. Nf3 c5 8. Rb1 Nc6 9. d5 Bxc3+ 10. Bd2 Bxd2+ 11.
Qxd2 Ne5 12. Nxe5 1-0

[Event "Early-Titled-Tuesday-Blitz-January-30-2024"]
[Site "Chess.com"]
[Date "2024.01.30"]
[Round "5"]
[White "ContrVersia"]
[Black "ri4mi"]
[Result "1-0"]
[WhiteElo "2840"]
[BlackElo "2540"]
[TimeControl "180+1"]
[EndTime "8:52:22 PST"]
[Termination "ContrVersia won by checkmate"]

1. Nf3 d5 2. c4 c6 3. g3 e6 4. b3 f5 5. Bg2 Nf6 6. O-O Bd6 7.
Bb2 O-O 8. d3 Nbd7 9. Nc3 e5 10.
cxd5 cxd5 11. Nb5 Bb8 12. Ba3 Re8 13. Nd6 Re6 14. Nxf5 Nf8 15. Rc1 Bd7 16. Ng5 Ra6 17. Ne7+ Kh8 18. Nf7# 1-0

[Event "Early-Titled-Tuesday-Blitz-January-30-2024"]
[Site "Chess.com"]
[Date "2024.01.30"]
[Round "5"]
[White "HansOnTwitch"]
[Black "Alexander_Donchenko"]
[Result "1-0"]
[WhiteElo "3210"]
[BlackElo "2946"]
[TimeControl "180+1"]
[EndTime "8:53:19 PST"]
[Termination "HansOnTwitch won by resignation"]

1. e4 c6 2. Nf3 d5 3. d3 dxe4 4. dxe4 Qxd1+ 5. Kxd1 Nd7 6. a4 Nc5 7. Nc3 Bg4 8. Be2 Nf6 9. Nd2 O-O-O 10. Bxg4+ Nxg4 11. Ke2 e5 12. f3 Nf6 13. Nc4 Nfd7 14. Be3 f6 15. a5 Kb8 16. Rhd1 Be7 17. Nd6 Rhf8 18.
Nf5 Rf7 19. Nxe7 1-0

[Event "Early-Titled-Tuesday-Blitz-January-30-2024"]
[Site "Chess.com"]
[Date "2024.01.30"]
[Round "5"]
[White "Gentlejimmy7"]
[Black "hsd2016"]
[Result "0-1"]
[WhiteElo "2549"]
[BlackElo "2323"]
[TimeControl "180+1"]
[EndTime "8:53:28 PST"]
[Termination "hsd2016 won by resignation"]

1. c4 c5 2. Nf3 Nf6 3. Nc3 Nc6 4. d4 cxd4 5. Nxd4 e6 6. g3 d5 7. Bg2 Bb4 8. O-O O-O 9. cxd5 exd5 10. Bg5 Be6 11.
Rc1 Rc8 12. Nxe6 fxe6 13. Qb3 Qb6 14. e4 Nd4 15. Qa4 Bxc3 16. e5 Ne4 17. Bxe4 dxe4 18. Rxc3 Ne2+ 19. Kg2 Nxc3 20. bxc3 Qc6 21. Be3 Qxa4 0-1

[Event "Early-Titled-Tuesday-Blitz-January-30-2024"]
[Site "Chess.com"]
[Date "2024.01.30"]
[Round "5"]
[White "maciejbrzeski128"]
[Black "DestroyerJohny"]
[Result "1-0"]
[WhiteElo "2438"]
[BlackElo "2242"]
[TimeControl "180+1"]
[EndTime "8:53:37 PST"]
[Termination "maciejbrzeski128 won by resignation"]

1. e4 c6 2. Nc3 d5 3. Nf3 dxe4 4. Nxe4 Nf6 5. Qe2 Nxe4 6. Qxe4 Nd7 7. Bc4 Nf6 8. Ne5 e6 9. Qe2 b5 10. Bb3 Bd6 11.
Nxc6 Qb6 12. Ne5 O-O 13. O-O Bb7 14. c3 Be4 15. d4 h6 16. Nd7 Nxd7 17. Qxe4 Qc7 18.
h3 Nb6 19. Bc2 g6 20. Bxh6 Rfc8 21. Rae1 Qc6 22. Qg4 Qe8 23. Bxg6 fxg6 24. Rxe6 1-0

[Event "Early-Titled-Tuesday-Blitz-January-30-2024"]
[Site "Chess.com"]
[Date "2024.01.30"]
[Round "5"]
[White "Better_Chess_Faster"]
[Black "Rafael_Ventura"]
[Result "1-0"]
[WhiteElo "2149"]
[BlackElo "2382"]
[TimeControl "180+1"]
[EndTime "8:53:37 PST"]
[Termination "Better_Chess_Faster won by resignation"]

1. d4 d5 2. Bf4 e6 3. e3 Bd6 4. Bg3 Nf6 5. Nf3 O-O 6. Nbd2 c5 7. c3 Nc6 8. Bd3 Re8 9. O-O b6 10. Ne5 Bb7 11. f4 Nd7 12. Qh5 f5 13. Qf7+ Kh8 14.
Qxd7 Qf6 15. Qxd6 Qxe5 16. fxe5 1-0

[Event "Early-Titled-Tuesday-Blitz-January-30-2024"]
[Site "Chess.com"]
[Date "2024.01.30"]
[Round "5"]
[White "Iskusnyh"]
[Black "KhazhatulyAlikhan"]
[Result "1-0"]
[WhiteElo "2670"]
[BlackElo "2400"]
[TimeControl "180+1"]
[EndTime "8:53:41 PST"]
[Termination "Iskusnyh won by resignation"]

1. d4 d5 2. c4 e6 3. Nf3 Nf6 4.
g3 Be7 5. Bg2 dxc4 6. Qa4+ Bd7 7. Qxc4 Bc6 8. O-O O-O 9. Nc3 Nbd7 10. Rd1 Nb6 11. Qd3 Nbd5 12. Ne5 Nb4 13. Nxc6 Nxd3 14. Nxd8 Nxc1 15. Nxb7 Rab8 16. Raxc1 1-0

[Event "Early-Titled-Tuesday-Blitz-January-30-2024"]
[Site "Chess.com"]
[Date "2024.01.30"]
[Round "5"]
[White "jcibarra"]
[Black "IwkooO"]
[Result "1-0"]
[WhiteElo "2859"]
[BlackElo "2644"]
[TimeControl "180+1"]
[EndTime "8:53:58 PST"]
[Termination "jcibarra won by resignation"]

1. e4 c5 2. Nf3 e6 3. d4 cxd4 4.
Nxd4 Nc6 5. Nc3 a6 6. Be3 Nf6 7. f4 Bb4 8. Bd3 d5 9. e5 Ne4 10. Bxe4 dxe4 11. Nxc6 bxc6 12. Qxd8+ Kxd8 13. O-O-O+ Kc7 14. Nxe4 a5 15. a3 Be7 16. Bc5 Bd8 17. a4 Ba6 18. Rd4 f5 19. Bd6+ Kb6 20. Nc5 Bc8 21.
Rhd1 Ka7 22. Bb8+ 1-0

[Event "Early-Titled-Tuesday-Blitz-January-30-2024"]
[Site "Chess.com"]
[Date "2024.01.30"]
[Round "5"]
[White "ferrufino64"]
[Black "JeFumeDesClopes"]
[Result "0-1"]
[WhiteElo "2250"]
[BlackElo "2562"]
[TimeControl "180+1"]
[EndTime "8:54:10 PST"]
[Termination "JeFumeDesClopes won by resignation"]

1. d4 Nf6 2. Nf3 c5 3. e3 d5 4. c3 cxd4 5. exd4 Nc6 6. Bd3 Bg4 7. h3 Bh5 8. Qb3 Qc8 9. Nbd2 e6 10. O-O Bd6 11. Re1 O-O 12. Ne5 Bxe5 13. dxe5 Nd7 14. f4 Nc5 15. Qc2 Nxd3 16. Qxd3 Bg6 17. Qe3 d4 18.
cxd4 Nb4 19. Qc3 Nc2 20. Nb3 Qxc3 21. bxc3 Nxe1 22. Ba3 Nc2 0-1

[Event "Early-Titled-Tuesday-Blitz-January-30-2024"]
[Site "Chess.com"]
[Date "2024.01.30"]
[Round "5"]
[White "Ural_bogatyr"]
[Black "xamax2000"]
[Result "0-1"]
[WhiteElo "2540"]
[BlackElo "2863"]
[TimeControl "180+1"]
[EndTime "8:54:13 PST"]
[Termination "xamax2000 won by resignation"]

1. d4 d5 2. Nc3 Nf6 3. Bf4 c5 4. e4 cxd4 5. Qxd4 Nc6 6. Bb5 Bd7 7. Bxc6 Bxc6 8. e5 Nd7 9. e6 fxe6 10. Nf3 Qb6 11. Qxb6 axb6 12. O-O-O g5 13. Bxg5 Bg7 14. Rhe1 Bxc3 15. bxc3 Nc5 16. Nd4 Kd7 17. Nb3 Rxa2 18. Nxc5+ bxc5 19. Be3 b6 20. Kd2 Ba4 21. Rc1 e5 22.
Bg5 e4 23. Bh4 Rg8 24. Bg3 h5 25. c4 e6 26. Re2 b5 27. f3 exf3 28. gxf3 bxc4 0-1

[Event "Early-Titled-Tuesday-Blitz-January-30-2024"]
[Site "Chess.com"]
[Date "2024.01.30"]
[Round "5"]
[White "AnaKuchava"]
[Black "leotobares"]
[Result "0-1"]
[WhiteElo "2204"]
[BlackElo "2342"]
[TimeControl "180+1"]
[EndTime "8:54:15 PST"]
[Termination "leotobares won by checkmate"]

1. d4 Nf6 2. Nf3 e6 3. c4 d5 4. Nc3 Bb4 5. Qa4+ Nc6 6. e3 Bd7 7. Qc2 O-O 8. Bd3 dxc4 9. Bxc4 Bd6 10. e4 e5 11. d5 Ne7 12. O-O a6 13. Bg5 Ng6 14.
Rac1 h6 15. Bxf6 Qxf6 16. Bd3 Nf4 17. Rfe1 Nxg2 18. Kxg2 Bh3+ 19. Kg1 Qg6+ 20. Kh1 Qg2# 0-1

[Event "Early-Titled-Tuesday-Blitz-January-30-2024"]
[Site "Chess.com"]
[Date "2024.01.30"]
[Round "5"]
[White "Aanna12"]
[Black "Muslim_player_05"]
[Result "0-1"]
[WhiteElo "2306"]
[BlackElo "2501"]
[TimeControl "180+1"]
[EndTime "8:54:16 PST"]
[Termination "Muslim_player_05 won by resignation"]

1. e4 e5 2. Nf3 Nc6 3. Bc4 Bc5 4. d3 Nf6 5. c3 d6 6. O-O a5 7. a4 O-O 8. h3 h6 9. Re1 Be6 10. Qb3 Qd7 11. Nbd2 Nh5 12. Nf1 Bxh3 13. gxh3 Qxh3 14. d4 Qg4+ 15. Kh1 Qxf3+ 16. Kg1 exd4 17. cxd4 Nxd4 0-1

[Event "Early-Titled-Tuesday-Blitz-January-30-2024"]
[Site "Chess.com"]
[Date "2024.01.30"]
[Round "5"]
[White "pfalcon1949"]
[Black "RamonManon0g"]
[Result "0-1"]
[WhiteElo "1954"]
[BlackElo "2390"]
[TimeControl "180+1"]
[EndTime "8:54:21 PST"]
[Termination "RamonManon0g won by resignation"]

1. e4 c5 2. Nf3 d6 3. d4 cxd4 4. Nxd4 Nf6 5. Nc3 a6 6. h3 e5 7. Nf3 h5 8. Bc4 Be7 9. Bg5 Nbd7 10. Bb3 O-O 11. Bxf6 Nxf6 12. Qd2 b5 13. a3 Bb7 14. Bd5 Nxd5 15. Nxd5 Rc8 16. c3 f5 17. exf5 Rxf5 18. Rd1 e4 19. Nxe7+ Qxe7 20. Nd4 e3 21. Qxe3 Re5 22. Nf5 Rxe3+ 23. fxe3 Qe4 0-1